 Dungeon Crawl Stone Soup version 0.25.1-8-g42b30a86e7 (console) character file.

Game seed: 268749842485863285

737 thromnambular the Scratcher (level 7, 34/34 HPs)
             Began as a Felid Enchanter on Dec 20, 2020.
             Was a Believer of Dithmenos.
             Quit the game on level 8 of the Dungeon.
             The game lasted 00:45:49 (9483 turns).

thromnambular the Scratcher (Felid Enchanter)       Turns: 9483, Time: 00:45:50

Health: 34/34      AC:  2    Str:  4    XL:     7   Next: 46%
Magic:  15/15      EV: 21    Int: 20    God:    Dithmenos [**....]
Gold:   835        SH:  4    Dex: 16    Spells: 3/16 levels left
                                        Lives:  0   Deaths: 2

rFire    + . .     SeeInvis +     - Unarmed
rCold    . . .     Gourm    .   (shield unavailable)
rNeg     . . .     Faith    .   (armour unavailable)
rPois    +         Spirit   .   (helmet unavailable)
rElec    .         Reflect  .   (cloak unavailable)
rCorr    .         Harm     .   (gloves unavailable)
MR       +....                  (boots unavailable)
Stlth    +++++.....             a - amulet of the acrobat
HPRegen  0.11/turn              p - ring of poison resistance
MPRegen  0.14/turn              h - ring of protection from fire

@: wreathed by umbra, quick
A: very small, no armour, no weapons or thrown items, stealth, claws 1, fangs 3,
horns 1, large bone plates 1, see invisible, carnivore, speed 1, shaggy fur 2,
slow metabolism 1, MP-powered wands, sharp paws
a: Shadow Step, Renounce Religion


You were on level 8 of the Dungeon.
You worshipped Dithmenos.
Dithmenos was pleased with you.
You were not hungry.

You visited 1 branch of the dungeon, and saw 8 of its levels.

You collected 835 gold pieces.

Inventory:

Jewellery
 a - an amulet of the acrobat (around neck)
 h - a ring of protection from fire (right paw)
 p - a ring of poison resistance (left paw)
 t - an uncursed amulet of magic regeneration
Wands
 m - a wand of digging (3)
Scrolls
 d - a scroll of fog
 g - 2 scrolls of immolation
 n - a scroll of teleportation {unknown}
 o - a scroll of remove curse
 r - a scroll of acquirement {unknown}
Potions
 c - 3 potions of curing
 f - 2 potions of brilliance
 i - a potion of haste
 j - 2 potions of stabbing
 k - 2 potions of lignification
 l - 2 potions of ambrosia
 s - a potion of magic
Comestibles
 b - 22 rations
 u - 2 chunks of flesh


   Skills:
 + Level 5.8 Fighting
 - Level 5.6 Dodging
 - Level 5.4 Stealth
 + Level 7.0 Unarmed Combat
 + Level 5.0 Spellcasting
 - Level 6.2 Hexes
 - Level 2.0 Translocations
 - Level 5.1 Transmutations
 + Level 1.0 Ice Magic


You had 3 spell levels left.
You knew the following spells:

 Your Spells              Type           Power        Failure   Level  Hunger
a - Corona                Hex            ####...      1%          1    None
b - Ensorcelled Hibernat  Hex/Ice        ###...       4%          2    None
c - Confusing Touch       Hex            ####....     2%          3    ##.....
d - Apportation           Tloc           ##....       4%          1    None
e - Blade Hands           Tmut           ####......   36%         5    #####..
f - Summon Small Mammal   Summ           #...         12%         1    None

Your spell library contained the following spells:

 Spells                   Type           Power        Failure   Level  Hunger
 Beastly Appendage        Tmut           ####..       1%          1    None
 Sticks to Snakes         Tmut           ####....     1%          2    None
 Tukima's Dance           Hex            ####....     2%          3    ##.....
 Dazzling Flash           Conj/Hex       ###...       10%         3    ##.....
 Animate Skeleton         Necr           N/A          12%         1    None
 Spider Form              Tmut/Pois      ###.......   12%         3    ##.....
 Ice Form                 Ice/Tmut       ###.....     32%         4    ####...
 Bolt of Magma            Conj/Fire/Erth #.........   97%         5    #####..
 Iskenderun's Battlesphe  Conj/Chrm      #.......     97%         5    #####..
 Iron Shot                Conj/Erth      #.........   100%        6    #######
 Orb of Destruction       Conj           #.........   100%        7    #######
 Spellforged Servitor     Conj/Summ      #.........   100%        7    #######


Dungeon Overview and Level Annotations

Branches:
Dungeon (8/15)             Temple (0/1) D:4
   Lair: D:8-11

Altars:
Ashenzari
Cheibriados
Dithmenos
Makhleb
Trog
Uskayaw

Annotations:
D:4 2 transporters, 0gre's ghost, amateur GnIE


Innate Abilities, Weirdness & Mutations

You cannot wear armour.
You are incapable of wielding weapons or throwing items.
Your paws allow you to move quietly. (Stealth)
You have sharp claws.
You have razor-sharp teeth.
You have supernaturally acute eyesight. (SInv)
You are carnivorous and can eat meat at any time.
You cover ground quickly.
You are covered in thick fur. (AC +2)
You have a slow metabolism.
Your sharp claws are effective at attacking unaware monsters.
You have a pair of small horns on your head.
You are partially covered in large bone plates. (SH +4)
You expend magic power (3 MP) to strengthen your wands.


Message History

The bolt of electricity hits you! x2
You miss the electric eel.
The electric eel is heavily wounded.
The electric eel shoots out a bolt of lightning at you!
The bolt of electricity hits you! x2
* * * LOW HITPOINT WARNING * * *
You feel better.
Okay, then.
You feel yourself speed up.
The electric eel shoots out a bolt of lightning at you!
The bolt of electricity hits you!
You die...
The bolt of electricity misses you.
You are now level 7!
You rejoin the land of the living...
You can't grasp things well enough to throw them.
Okay, then.
Are you sure you want to abandon this character and quit the game? (Confirm with "yes".)
Okay, then.
Are you sure you want to abandon this character and quit the game? (Confirm with "yes".)

#.....#.# #.#
#.....#.######## #.#
####.##........# #.#
#.....§§....# #.#
#####§§§....# #.#
#§§§....# #.# #§§§§...#
####.##
#§§§§...###.....#
#####§§§.....@......#
##...§.≈.§...##...∩..#
5.#.[..§≈≈.§...###.....#
......†.≈≈..#### #.....#
..##..;.≈≈..#######.####
. #..≈≈.≈..%†........#
#..≈..≈.≈.##########
#..≈..≈....#
#..≈.≈≈≈≈..#


There were no monsters in sight!

Vanquished Creatures
  A polar bear (D:8)
  A wyvern (D:8)
  A yak (D:8)
  A water moccasin (D:6)
  A sky beast (D:5)
  An orc warrior (D:7)
  4 ogres
  4 ice beasts
  A wolf (D:8)
  3 centaurs
  2 scorpions (D:6)
  2 howler monkeys
  An electric eel (D:8)
  2 crimson imps
  A jelly (D:8)
  2 bullfrog skeletons
  2 orc priests
  2 hounds
  4 orc wizards
  An iguana (D:5)
  Natasha (thrice) (D:2)
  3 worker ants
  A hound skeleton (D:5)
  9 adders
  10 gnolls
  A shadow imp (D:7)
  2 oozes
  3 worms
  4 dart slugs
  3 leopard geckos
  19 orcs
  4 giant cockroaches
  8 goblins
  5 hobgoblins
  17 jackals
  4 quokkas
  3 ball pythons
  A ball python skeleton (D:5)
  5 bats
  6 frilled lizards
  4 kobolds
  A quokka zombie (D:6)
  10 rats
163 creatures vanquished.

Vanquished Creatures (collateral kills)
  A white imp (D:8)
  An ufetubus (D:8)
  An adder simulacrum (D:8)
3 creatures vanquished.

Grand Total: 166 creatures vanquished

Notes
Turn   | Place    | Note
-------+----------+-------------------------------------------
     0 | D:1      | thromnambular the Felid Enchanter began the quest for the
                  | Orb.
     0 | D:1      | Reached XP level 1. HP: 7/7 MP: 4/4
   185 | D:1      | Reached skill level 2 in Unarmed Combat
   191 | D:1      | Reached XP level 2. HP: 11/11 MP: 6/6
   203 | D:1      | Learned a level 2 spell: Ensorcelled Hibernation
   786 | D:1      | Reached XP level 3. HP: 14/14 MP: 7/7
  1190 | D:2      | Noticed Natasha
  1199 | D:2      | Killed Natasha
  1199 | D:2      | Reached skill level 1 in Fighting
  1199 | D:2      | Reached skill level 3 in Unarmed Combat
  1376 | D:2      | Noticed Natasha
  1416 | D:2      | Found a faded altar of an unknown god.
  1625 | D:2      | Reached XP level 4. HP: 18/19 MP: 8/8
  2118 | D:1      | Learned a level 3 spell: Confusing Touch
  2230 | D:2      | Learned a level 1 spell: Apportation
  2444 | D:2      | Reached XP level 5. HP: 21/22 MP: 4/9
  2458 | D:2      | Killed Natasha
  2458 | D:2      | Reached skill level 5 in Stealth
  2458 | D:2      | Reached skill level 1 in Translocations
  2577 | D:2      | Noticed Natasha
  2588 | D:2      | Killed Natasha
  2762 | D:3      | Found a bloodstained altar of Trog.
  2835 | D:3      | Found a shadowy altar of Dithmenos.
  2844 | D:3      | Became a worshipper of Dithmenos the Shadowed
  3571 | D:4      | Gained mutation: You are covered in thick fur. (AC +2)
                  | [Felid growth]
  3571 | D:4      | Reached XP level 6. HP: 25/25 MP: 7/10
  3633 | D:4      | Reached skill level 4 in Unarmed Combat
  4168 | D:4      | Found a staircase to the Ecumenical Temple.
  4189 | D:4      | Reached skill level 5 in Dodging
  4222 | D:4      | Reached XP level 7. HP: 17/30 MP: 1/12
  4658 | D:4      | Noticed 0gre's ghost (amateur GnIE)
  4658 | D:4      | Identified the +7 great mace "Susyfe" {flame, rC+}
  4659 | D:4      | Found a transporter.
  4663 | D:4      | Found a transporter.
  4670 | D:4      | Reached * piety under Dithmenos
  5005 | D:5      | Entered Level 5 of the Dungeon
  5726 | D:5      | Learned a level 5 spell: Blade Hands
  5816 | D:5      | Found a snail-covered altar of Cheibriados.
  5923 | D:5      | Reached skill level 1 in Transmutations
  5999 | D:5      | Reached skill level 5 in Hexes
  6051 | D:5      | Reached skill level 5 in Unarmed Combat
  6379 | D:5      | Reached XP level 8. HP: 36/36 MP: 9/14
  6586 | D:6      | Found a burning altar of Makhleb.
  6630 | D:6      | Reached ** piety under Dithmenos
  7330 | D:6      | Found a shattered altar of Ashenzari.
  7560 | D:6      | Reached skill level 6 in Unarmed Combat
  7740 | D:6      | Found a hide-covered altar of Uskayaw.
  8020 | D:7      | Learned a level 1 spell: Summon Small Mammal
  8224 | D:7      | Reached skill level 5 in Fighting
  8352 | D:7      | Reached XP level 9. HP: 40/40 MP: 16/16
  8812 | D:7      | Gained mutation: You have a pair of small horns on your
                  | head. [mutagenic glow]
  8846 | D:7      | Gained mutation: Your magical capacity is low. (-10% MP)
                  | [mutagenic glow]
  8848 | D:7      | Lost mutation: Your magical capacity is low. (-10% MP)
                  | [potion of mutation]
  8848 | D:7      | Gained mutation: You are partially covered in large bone
                  | plates. (SH +4) [potion of mutation]
  8848 | D:7      | Gained mutation: You expend magic power (3 MP) to
                  | strengthen your wands. [potion of mutation]
  9205 | D:8      | Noticed a polar bear
  9218 | D:8      | Killed a polar bear
  9218 | D:8      | Reached skill level 5 in Transmutations
  9416 | D:8      | Reached skill level 5 in Spellcasting
  9424 | D:8      | Reached skill level 7 in Unarmed Combat
  9424 | D:8      | Reached skill level 1 in Ice Magic
  9426 | D:8      | Killed from afar by an electric eel
  9427 | D:8      | Reached XP level 8. HP: -4/38 MP: 2/16
  9480 | D:8      | HP: 1/38 [electric eel/bolt of electricity (11)]
  9482 | D:8      | Killed from afar by an electric eel
  9483 | D:8      | Reached XP level 7. HP: -1/34 MP: 15/15
  9483 | D:8      | Quit the game

Illustrated notes

Levels and vault maps discovered:
D:1:      scummos_arrival_gate, layout_loops_ring
D:2:      layout_rooms, chequers_ecumenical_altar_simple, uniq_natasha
D:3:      layout_basic, grunt_temple_overflow_open, first_ration, st_stairs_10
D:4:      layout_basic, minmay_temple_entry_stoned_glass, gammafunk_ghost_smash
D:5:      layout_basic, slow_altar_1
D:6:      minmay_polygon_palace, layout_basic, lemuel_crystal_altar,
          kennysheep_mini, lemuel_doored_altar
D:7:      layout_loops_ring, grunt_ogre_cave, minivault_10
D:8:      layout_basic, serial_ice, serial_ice_m, serial_ice_n, serial_ice_a,
          serial_ice_e, serial_ice_k, serial_ice_o, serial_ice_c, kb_rosetta

Skill      XL: |  1  2  3  4  5  6  7  8  9 |
---------------+----------------------------+-----
Unarmed Combat | 2 3 4 5 6 7 |  7.0
Fighting       | 1 2 3 5 |  5.8
Dodging        | 3 4 5 |  5.6
Stealth        | 5 |  5.4
Translocations | 2 |  2.0
Spellcasting   | 3 4 5 |  5.0
Transmutations | 2 4 5 |  5.1
Hexes          | 5 6 |  6.2
Ice Magic      | 1 |  1.0

Action                   |  1- 3 |  4- 6 |  7- 9 || total
-------------------------+-------+-------+-------++-------
Melee: Unarmed           |    88 |   151 |   226 ||   465
       Bite              |     6 |     5 |    16 ||    27
       Punch             |       |     1 |     6 ||     7
       Headbutt          |       |       |     8 ||     8
 Cast: Corona            |     3 |     1 |       ||     4
       Ensorcelled Hiber |    11 |    46 |    60 ||   117
       Confusing Touch   |       |     5 |     4 ||     9
       Apportation       |       |     1 |       ||     1
       Summon Small Mamm |       |       |     1 ||     1
Evoke: Wand              |       |       |     4 ||     4
  Use: Scroll            |       |     9 |    10 ||    19
       Potion            |       |     2 |     4 ||     6
 Stab: Sleeping          |    18 |    30 |    52 ||   100
       Confused          |       |     3 |     4 ||     7
  Eat: Chunk             |    10 |     8 |    19 ||    37
Armor: Skin              |     4 |     5 |     6 ||    15
Dodge: Dodged            |    84 |   140 |   183 ||   407
Block: Other             |       |       |     6 ||     6
